 Dungeon Crawl Stone Soup version 0.31-a0-1074-g0b22e4e0f1 (webtiles) character file.

Game seed: 15958883868589754681

16326 drugrobin the Martial Artist (level 11, -1/105 HPs)
             Began as a Demigod Delver on Dec 8, 2023.
             Killed from afar by a rime drake (12 damage)
             ... with an icy flash freeze
             ... on level 1 of the Lair of Beasts.
             The game lasted 00:47:36 (13988 turns).

drugrobin the Martial Artist (Demigod Delver)      Turns: 13988, Time: 00:47:37

Health: -1/105     AC: 14    Str: 13    XL:     11   Next: 79%
Magic:  14/14      EV: 10    Int: 14    God:
Gold:   432        SH:  7    Dex: 39    Spells: 7/10 levels left

rFire   x .          .
                       - Unarmed
rCold   + + .        G - +0 buckler
rNeg    + . .        U - +5 scale mail of the Alphagorgon {rElec rN+ Dex+4}
rPois   .            m - +0 helmet
rElec   +            F - +1 cloak "Hiro" {Regen+ Int+2 Dex+2}
rCorr   .            (no gloves)
SInv    .            (no boots)
Will    +....        s - amulet of the acrobat
Stlth   +++          g - ring of the Original Sin {rC+ Dex+6}
HPRegen 1.17/turn    X - ring of ice
MPRegen 0.14/turn

%: acrobat
@: no status effects
A: high MP 1, forlorn, divine attributes
a: no special abilities


You were on level 1 of the Lair of Beasts.
You visited 2 branches of the dungeon, and saw 12 of its levels.
You also visited: Bailey.

You collected 1367 gold pieces.
You spent 935 gold pieces at shops.

Inventory:

Hand Weapons
 b - the +5 rapier "Dobeeg" {elec, SInv Stlth+}
   (You found it on level 2 of the Dungeon)

   SInv:      It lets you see invisible.
   Stlth+:    It makes you more stealthy.
 c - a +1 spear of venom
Missiles
 v - 17 poisoned darts
 w - 2 javelins
 H - 7 boomerangs (quivered)
 K - a curare-tipped dart
Armour
 m - a +0 helmet (worn)
 F - the +1 cloak "Hiro" (worn) {Regen+ Int+2 Dex+2}
   (You bought it in a shop on level 4 of the Dungeon)

   Int+2:     It affects your intelligence (+2).
   Dex+2:     It affects your dexterity (+2).
   Regen+:    It increases your rate of health regeneration.
 G - a +0 buckler (worn)
 O - a +3 plate armour of willpower
 P - +0 acid dragon scales
 T - a +0 ring mail of poison resistance
 U - the +5 scale mail of the Alphagorgon (worn) {rElec rN+ Dex+4}
   (You bought it in a shop on level 4 of the Dungeon)

   Dex+4:     It affects your dexterity (+4).
   rElec:     It insulates you from electricity.
   rN+:       It protects you from negative energy.
 Y - a +1 robe of cold resistance
Jewellery
 g - the ring of the Original Sin (left hand) {rC+ Dex+6}
   (You found it on level 1 of the Lair of Beasts)

   [ring of dexterity]

   Dex+6:     It affects your dexterity (+6).
   rC+:       It protects you from cold.
 s - an amulet of the acrobat (around neck)
 E - a ring of fire
 V - a ring of see invisible
 X - a ring of ice (right hand)
Wands
 a - a wand of iceblast (16)
 f - a wand of digging (3)
 W - a wand of polymorph (5)
 Z - a wand of charming (3)
Scrolls
 d - a scroll of identify
 k - 8 scrolls of teleportation
 l - 2 scrolls of poison
 n - a scroll of fog
 u - 2 scrolls of vulnerability
 x - 3 scrolls of immolation
 D - 2 scrolls of blinking
 J - 5 scrolls of noise {unknown}
 M - 2 scrolls of fear
Potions
 e - 4 potions of haste
 i - 2 potions of cancellation
 p - 2 potions of attraction {unknown}
 q - 2 potions of brilliance {unknown}
 z - 9 potions of curing
 A - a potion of resistance {unknown}
 B - 3 potions of heal wounds {unknown}
 C - a potion of enlightenment {unknown}
 I - a potion of degeneration {unknown}
 L - 3 potions of lignification {unknown}
 Q - 2 potions of mutation {unknown}
Miscellaneous
 o - a box of beasts
 N - a lightning rod (2/4)


   Skills:
 + Level 12.6 Fighting
 - Level 1.7 Dodging
 - Level 4.5 Stealth
 + Level 13.0 Unarmed Combat
 - Level 4.0 Evocations


You had 7 spell levels left.
You knew the following spells:

 Your Spells              Type           Power      Damage    Failure   Level
a - Sting                 Tmut/Pois      0%         1d3       90%         1
b - Poisonous Vapours     Pois/Air       0%         N/A       97%         2

Your spell library contained the following spells:

 Spells                   Type           Power      Damage    Failure   Level
 Apportation              Tloc           0%         N/A       90%         1
 Necrotise                Necr           0%         1d4       90%         1
 Summon Small Mammal      Summ           0%         N/A       90%         1
 Summon Guardian Golem    Hex/Summ       0%         N/A       99%         3
 Tukima's Dance           Hex            0%         N/A       99%         3
 Volatile Blastmotes      Fire/Tloc      0%         2d10      99%         3
 Animate Dead             Necr           0%         N/A       100%        4
 Dimensional Bullseye     Hex/Tloc       0%         N/A       100%        4
 Fulminant Prism          Conj/Hex       0%         3d5       100%        4
 Iskenderun's Mystic Bla  Conj/Tloc      0%         2d3       100%        4
 Olgreb's Toxic Radiance  Pois           0%         N/A       100%        4
 Haunt                    Necr/Summ      0%         N/A       100%        7
 Orb of Destruction       Conj           0%         9d5       100%        7
 Spellforged Servitor     Conj/Summ      0%         N/A       100%        7
 Infestation              Necr           0%         N/A       100%        8


Dungeon Overview and Level Annotations

Branches:
Dungeon (11/15)            Temple (0/1) D:7            Lair (1/5) D:11
 Bailey (visited)
    Orc: D:9-12

Shops:
D:4 [:[[

Annotations:
D:10 Snorg


Innate Abilities, Weirdness & Mutations

You have an increased reservoir of magic. (+10% MP)
You shall have no god before yourself.
Your divine heritage dramatically boosts your attributes as you level up.


Message History

* * * LOW HITPOINT WARNING * * *
Unknown command.
You hit the torpor snail but do no damage.
The torpor snail is severely wounded.
The torpor snail bites you!
* * * LOW HITPOINT WARNING * * *
Unknown command.
Unknown command.
Aiming: Charm
Press: ? - help, Shift-Dir - straight line, f - torpor snail
Aim: a torpor snail (severely wounded, chance to affect: 13%)
Okay, then.
Unknown command.
Unknown command.
The torpor snail attacks as it pursues you!
The torpor snail misses you.
Aiming: Thunderbolt
Press: ? - help, Shift-Dir - straight line The thunderbolt hits the torpor snail!
The torpor snail is almost dead.
The thunderbolt hits the rime drake!
The rime drake is moderately wounded.
The thunderbolt hits the rime drake!!
The rime drake is severely wounded.
You block the torpor snail's attack.
Unknown command.
Aiming: Thunderbolt
Press: ? - help, Shift-Dir - straight line The thunderbolt hits the torpor snail!
You kill the torpor snail!
The thunderbolt hits the rime drake!!
The rime drake is almost dead.
The thunderbolt hits the rime drake!!
The rime drake is heavily wounded.
The thunderbolt hits the rime drake!!
You kill the rime drake!
You feel yourself speed up. The rime drake breathes ice at you.
The icy flash freeze hits you! You partially resist.
You die...

#..## #k.##..##...
........##P###....##....
.............####..###....
#.............##..########
###............##....#### #
P............##..##..#### #
##...........##.......k#####
#...........##'#######+####.
#.........#@kk†# #.....=.
###..........##### ###.......
###.#........##########.........
#.##...##....####...............
##.....####.†..........####......
.#....P# ##............# ##.....
#......# #.............# #.....
#.....## ###...........# ######
####### ##......#.###


You could see 2 rime drakes.

Vanquished Creatures
  Fannar (D:10)
  Erica (D:8)
  2 boulder beetles (D:11)
  3 two-headed ogres
  A manticore (D:11)
  A torpor snail (Lair:1)
  A gargoyle (Bailey)
  An unseen horror (D:10)
  Maggie (D:8)
  4 cane toads (Lair:1)
  Jeremiah (D:8)
  4 rime drakes (Lair:1)
  A komodo dragon (Lair:1)
  3 trolls
  2 vampires
  10 yaks
  2 wyverns
  2 wraiths
  A basilisk (Lair:1)
  2 steam dragons (D:8)
  3 vampire mosquitoes (D:11)
  Edmund (D:6)
  2 water moccasins
  A black bear (D:4)
  4 orc warriors
  A sky beast (D:8)
  3 ogres
  3 centaurs
  2 kobold brigands
  4 bullfrogs
  2 scorpions (D:9)
  A gnoll sergeant (D:5)
  14 killer bees
  8 howler monkeys
  5 vampire bats (Bailey)
  5 wolf zombies (Bailey)
  An electric eel (D:11)
  4 jellies
  2 hounds
  2 orc priests
  Terence (D:2)
  4 iguanas
  4 orc wizards
  6 mutant beasts (D:8)
  4 gnolls
  6 adders
  A shadow imp (D:5)
  4 white imps
  3 worms
  2 dart slugs
  35 orcs
  11 endoplasms
  11 goblins
  10 hobgoblins
  4 jackals
  5 quokkas
  7 ball pythons
  7 bats
  2 frilled lizards
  22 kobolds
  21 orc zombies (Bailey)
  4 rats
286 creatures vanquished.

Vanquished Creatures (others)
  2 orc wizards (D:5)
2 creatures vanquished.

Grand Total: 288 creatures vanquished

Notes
Turn   | Place    | Note
-------+----------+-------------------------------------------
     0 | D:5      | drugrobin the Demigod Delver began the quest for the Orb.
     0 | D:5      | Reached XP level 1. HP: 18/18 MP: 3/3
    40 | D:5      | Noticed a hound
   112 | D:4      | Reached skill level 2 in Unarmed Combat
   112 | D:4      | Noticed a black bear
   345 | D:1      | Reached XP level 2. HP: 24/25 MP: 4/4
   564 | D:1      | Reached skill level 3 in Unarmed Combat
   975 | D:2      | Identified the +5 rapier "Dobeeg" {elec, SInv Stlth+}
   987 | D:2      | Noticed Terence
   999 | D:2      | Killed Terence
  1000 | D:2      | Reached XP level 3. HP: 15/30 MP: 5/5
  1160 | D:2      | Reached skill level 4 in Unarmed Combat
  1165 | D:2      | Learned a level 1 spell: Sting
  1626 | D:3      | Reached XP level 4. HP: 37/37 MP: 6/6
  1789 | D:3      | Noticed a water moccasin
  1794 | D:3      | Killed a water moccasin
  1795 | D:3      | Reached XP level 5. HP: 27/45 MP: 7/7
  2387 | D:3      | Reached skill level 5 in Unarmed Combat
  2452 | D:4      | Found Omaylub's Armour Emporium.
  2822 | D:4      | Found Imoiwix's Book Boutique.
  2824 | D:4      | Found Wulohes's Antique Armour Boutique.
  2825 | D:4      | Found Sogang's Antique Armour Boutique.
  3118 | D:5      | Learned a level 2 spell: Poisonous Vapours
  3199 | D:5      | Reached XP level 6. HP: 41/52 MP: 0/8
  4020 | D:5      | Reached skill level 5 in Fighting
  4020 | D:5      | Reached skill level 6 in Unarmed Combat
  4020 | D:5      | Reached XP level 7. HP: 20/61 MP: 6/9
  4704 | D:4      | Bought the +1 cloak "Hiro" {Regen+ Int+2 Dex+2} for 249
                  | gold pieces
  5154 | D:6      | Noticed Edmund
  5166 | D:6      | Killed Edmund
  5254 | D:6      | Reached skill level 7 in Unarmed Combat
  5425 | D:6      | Reached XP level 8. HP: 44/71 MP: 1/10
  5774 | D:7      | Found a staircase to the Ecumenical Temple.
  6266 | D:7      | Reached skill level 8 in Unarmed Combat
  6653 | D:8      | Noticed Maggie
  6732 | D:8      | Noticed Erica
  6745 | D:8      | Noticed Jeremiah
  6804 | D:8      | Noticed a juvenile batsting beast
  6885 | D:8      | Reached XP level 9. HP: 77/81 MP: 11/11
  6912 | D:8      | Found a flagged portal.
  6922 | Bailey   | Entered a bailey
  7103 | Bailey   | Reached skill level 9 in Unarmed Combat
  7367 | Bailey   | Noticed a gargoyle
  7387 | Bailey   | Killed a gargoyle
  7614 | D:8      | Reached skill level 10 in Unarmed Combat
  8366 | D:8      | Killed a juvenile batsting beast
  8367 | D:8      | Reached XP level 10. HP: 64/93 MP: 13/13
  8408 | D:8      | Reached skill level 10 in Fighting
  8513 | D:8      | Killed Jeremiah
  8705 | D:8      | Killed Maggie
  8706 | D:8      | Killed Erica
  8707 | D:8      | Reached skill level 11 in Unarmed Combat
  9816 | D:10     | Entered Level 10 of the Dungeon
  9917 | D:10     | Noticed Snorg
 10126 | D:10     | Reached skill level 1 in Evocations
 10278 | D:10     | Identified 2 scrolls of acquirement
 10289 | D:10     | Noticed a two-headed ogre
 10333 | D:10     | Killed a two-headed ogre
 10436 | D:10     | Acquired 835 gold pieces
 10616 | D:4      | Bought a pair of crude boots for 266 gold pieces
 10616 | D:4      | Identified the +2 pair of boots "Tuikhlina" {*Slow rElec
                  | Str-2 Dex+9} (You bought it in a shop on level 4 of the
                  | Dungeon)
 10616 | D:4      | Bought a fine scale mail for 252 gold pieces
 10616 | D:4      | Identified the +5 scale mail of the Alphagorgon {rElec rN+
                  | Dex+4} (You bought it in a shop on level 4 of the Dungeon)
 10714 | D:4      | Bought a faintly humming leather armour for 168 gold pieces
 10714 | D:4      | Identified the +0 leather armour "Tenol" {+Blink Int+3}
                  | (You bought it in a shop on level 4 of the Dungeon)
 11023 | D:10     | Noticed Fannar
 11163 | D:10     | Reached XP level 11. HP: 99/102 MP: 14/14
 11718 | D:10     | Killed Fannar
 11901 | D:11     | Noticed a boulder beetle
 11947 | D:11     | Killed a boulder beetle
 11986 | D:11     | Reached skill level 12 in Unarmed Combat
 12006 | D:11     | Noticed a boulder beetle
 12021 | D:11     | Killed a boulder beetle
 12314 | D:11     | Noticed a two-headed ogre
 12365 | D:11     | Killed a two-headed ogre
 12599 | D:11     | Found a staircase to the Lair.
 12651 | D:11     | Noticed a two-headed ogre
 12660 | D:11     | Killed a two-headed ogre
 13331 | Lair:1   | Entered Level 1 of the Lair of Beasts
 13342 | Lair:1   | Found the +4 skin of Zhor {*Englaciate rC+++ SInv}
 13832 | Lair:1   | Identified the ring of the Original Sin {rC+ Dex+6}
 13973 | Lair:1   | Reached skill level 13 in Unarmed Combat
 13988 | Lair:1   | Killed from afar by a rime drake

Illustrated notes

Levels and vault maps discovered:
D:1:      minmay_arrival_solitary_statue, layout_rooms, serial_bayou_pond_b
D:2:      layout_loops_ring, hangedman_decor_clover_reticule,
          nicolae_underground_beach, uniq_terence
D:3:      layout_rooms, nicolae_ecumenical_lake_church, patterned_corridor
D:4:      layout_rooms, grunt_ministairs_3, nicolae_inconvenience_store,
          nicolae_shop_distant_corner_stores, minmay_misc_feat_tower
D:5:      layout_rooms, dk_rats_in_the_wall
D:6:      nicolae_cairo_tiling_very_big, layout_gridville,
          mainiacjoe_overflow_catwalk, dreamdust_princess_corridor,
          minmay_misc_feat_iff, uniq_edmund
D:7:      corexii_shantytown, layout_loops_ring, temple_fountains
D:8:      layout_loops_corners, enter_bailey_2, nicolae_beast_mode, uniq_erica,
          uniq_maggie, uniq_jeremiah
D:9:      layout_basic, trog_butcher_becter
D:10:     layout_loops_corners, minmay_overflow_temple_hex, uniq_snorg,
          uniq_fannar
D:11:     layout_basic, lair_entry_dummy, kennysheep_donut
Lair:1:   layout_cave_pods, hellmonk_guarded_unrand_zhor

Skill      XL: |  1  2  3  4  5  6  7  8  9 10 11 |
---------------+----------------------------------+-----
Unarmed Combat | 2 3 4 5 6 7 8 10 11 13 | 13.0
Fighting       | 3 4 5 6 8 9 11 12 | 12.6
Evocations     | 2 4 |  4.0
Dodging        | |  1.7
Stealth        | |  4.5

Action                     |  1- 3 |  4- 6 |  7- 9 | 10-12 || total
---------------------------+-------+-------+-------+-------++-------
  Melee: Unarmed           |    82 |     1 |   286 |   241 ||   610
         Rapier            |    16 |    99 |   209 |    59 ||   383
         Punch             |     2 |       |     6 |       ||     8
         Staff             |       |       |     6 |       ||     6
         Spear             |       |       |     1 |    10 ||    11
  Throw: Javelin           |       |     3 |     2 |     3 ||     8
         Dart              |       |     2 |       |    10 ||    12
         Boomerang         |       |       |     6 |     6 ||    12
         Throwing net      |       |       |     1 |       ||     1
   Cast: Sting             |     2 |     4 |     3 |    10 ||    19
         Poisonous Vapours |       |     4 |     3 |     6 ||    13
  Evoke: Lightning rod     |       |       |     5 |    12 ||    17
    Use: Scroll            |     1 |     1 |     1 |    11 ||    14
   Stab: Sleeping          |     8 |    12 |    13 |     8 ||    41
         Distracted        |       |     1 |     3 |     2 ||     6
         Held in net/web   |       |       |     2 |       ||     2
 Armour: Leather armour    |    59 |    57 |   176 |       ||   292
         Plate armour      |       |       |    70 |       ||    70
         Ring mail         |       |       |    49 |    18 ||    67
         Acid dragon scale |       |       |    11 |    59 ||    70
         Scale mail        |       |       |       |   105 ||   105
         Troll leather arm |       |       |       |     1 ||     1
  Dodge: Dodged            |    58 |    75 |   252 |   126 ||   511
  Block: Buckler           |       |       |   122 |    74 ||   196

Table legend: (Time is in decaauts)
 A = Elapsed time spent in this place.
 B = Non-inter-level travel time spent in this place.
 C = Inter-level travel time spent in this place.
 D = Time resting spent in this place.
 E = Time spent auto-exploring this place.
 F = Levels seen in this place.
 G = Mean time per level.
                   A        B        C        D        E       F      G
               +--------+--------+--------+--------+--------+-----+--------+
         Total |  14022 |  12842 |   1180 |   1307 |   7190 |  13 | 1078.6 |
       Dungeon |  12814 |  11634 |   1180 |   1192 |   6803 |  11 | 1164.9 |
          Lair |    636 |    636 |      0 |     71 |    280 |   1 |  636.0 |
        Bailey |    572 |    572 |      0 |     44 |    107 |   1 |  572.0 |
               +--------+--------+--------+--------+--------+-----+--------+

Top non-repeatable levels by time:
     D:8: 1738 daAuts
    D:10: 1651 daAuts
     D:5: 1597 daAuts
    D:11: 1480 daAuts
     D:4: 1093 daAuts
     D:9: 1029 daAuts
     D:7: 961 daAuts
     D:2: 918 daAuts
     D:3: 855 daAuts
     D:6: 835 daAuts
     D:1: 652 daAuts
  Lair:1: 636 daAuts
  Bailey: 572 daAuts
